 Dungeon Crawl Stone Soup version 0.21-a0-122-g43b3ea6 (webtiles) character file.

788 KristoblXynda the Chopper (level 7, -6/61 HPs)
             Began as a Deep Dwarf Fighter on July 13, 2017.
             Mangled by an ice beast (13 damage)
             ... on level 5 of the Dungeon.
             The game lasted 00:09:23 (3058 turns).

KristoblXynda the Chopper (Deep Dwarf Fighter)      Turns: 3058, Time: 00:09:23

Health: -6/61      AC:  8    Str: 20    XL:     7   Next: 56%
Magic:  2/2        EV:  7    Int: 10    God:
Gold:   231        SH: 10    Dex: 12    Spells: 6/6 levels left

rFire    . . .     SeeInvis .   d - +1 war axe (antimagic)
rCold    . . .     Gourm    .   c - +0 shield
rNeg     . . .     Faith    .   b - +0 scale mail
rPois    +         Spirit   .   (no helmet)
rElec    .         Reflect  .   (no cloak)
rCorr    .         Harm     .   s - +0 pair of gloves
MR       +....                  (no boots)
Stlth    ..........             (no amulet)
HPRegen  0.00/turn              r - ring of poison resistance
MPRegen  0.08/turn              (no ring)

@: non-regenerating
A: damage resistance, heal wounds, sense surroundings 1, no regeneration
a: Heal Wounds


You were on level 5 of the Dungeon.
You were hungry.

You visited 1 branch of the dungeon, and saw 5 of its levels.
You also visited: Sewer.

You collected 231 gold pieces.

Inventory:

Hand Weapons
 d - a +1 antimagic war axe (weapon)
 m - the +4 dagger of Uholuagg {flame, MP+9}
   (You found it in a sewer)

   It has been specially enchanted to burn those struck by it, causing extra
   injury to most foes and up to half again as much damage against particularly
   susceptible opponents.
   It affects your magic capacity (+9).
Armour
 b - a +0 scale mail (worn)
 c - a +0 shield (worn)
 s - a +0 pair of gloves (worn)
Jewellery
 r - a ring of poison resistance (left hand)
Scrolls
 i - a scroll of fear
 j - 7 scrolls of teleportation
 o - a scroll of blinking
 p - 2 scrolls of remove curse
 u - a scroll of identify
 v - a scroll of recharging
Potions
 a - a potion of cancellation {unknown}
 e - a potion of flight {unknown}
 g - a potion of invisibility
 k - a potion of mutation {unknown}
 l - a potion of haste
 n - a potion of lignification {unknown}
 q - a potion of heal wounds {unknown}
 t - 2 potions of curing
Comestibles
 f - 3 bread rations
 h - a fruit


   Skills:
 - Level 2.6 Fighting
 * Level 7.1 Axes
 + Level 5.5 Armour
 + Level 5.5 Shields


You had 6 spell levels left.
You didn't know any spells.

Dungeon Overview and Level Annotations

Branches:
Dungeon (5/15)
 Temple: D:4-7

Altars:
Xom


Innate Abilities, Weirdness & Mutations

You are resistant to damage.
You can heal yourself by infusing magical energy.
You passively map a small area around you.
You do not regenerate.


Message History

You now have 231 gold pieces (gained 13).
You open the door.
There is an open door here.
You open the door.
An ice beast comes into view.
An ice beast is nearby!
An ice beast is nearby!
An ice beast is nearby!
There is an open door here.
The ice beast closely misses you.
You barely miss the ice beast. You block the ice beast's attack.
You barely miss the ice beast.
The ice beast hits you but does no damage.
You hit the ice beast.
The ice beast is moderately wounded.
The ice beast hits you but does no damage.
You barely miss the ice beast.
The ice beast is moderately wounded.
The ice beast hits you. The ice beast freezes you!
You die...

######...............
,
.....+...............,
.....#.............. ,
#'####............. ,,
...............#### ,
...............'..#, ,
...............#..# *
, ......#'###....#'##
, ......#...#....#@.#
,* ......'...#....#Y.+
, ,
......#...#....+..#
.....##...#....#..# ,
, .....#....#....#..#
, .....#....#....#...
, , .....###### +...,
+ ...... , , #####
#+###., *


You could see an ice beast.

Vanquished Creatures
  A sky beast (D:5)
  A phantom (D:4)
  A big kobold (D:4)
  2 bullfrogs (Sewer)
  2 hounds (D:4)
  An orc priest (D:4)
  A gnoll shaman (D:4)
  An orc wizard (D:3)
  A worker ant (D:4)
  8 adders
  5 gnolls (D:4)
  A river rat (D:3)
  An ooze (D:5)
  2 worms (D:3)
  A dart slug (D:1)
  6 leopard geckos
  13 orcs
  6 ball pythons
  8 giant cockroaches
  8 goblins
  3 hobgoblins
  5 jackals
  5 bats
  5 frilled lizards
  9 kobolds
  A leopard gecko skeleton (D:5)
  8 rats
  A bush (D:4)
107 creatures vanquished.

Notes
Turn   | Place    | Note
-------+----------+-------------------------------------------
     0 | D:1      | KristoblXynda the Deep Dwarf Fighter began the quest for the Orb.
     0 | D:1      | Reached XP level 1. HP: 20/20 MP: 1/1
   232 | D:1      | Reached XP level 2. HP: 27/27 MP: 2/2
   398 | D:1      | Reached skill level 3 in Axes
   934 | D:2      | Found a shimmering altar of Xom.
  1273 | D:3      | Reached XP level 3. HP: 25/33 MP: 3/3
  1297 | D:3      | Reached XP level 4. HP: 18/40 MP: 4/4
  1519 | D:3      | Reached skill level 4 in Axes
  1534 | D:3      | Found a glowing drain.
  1539 | Sewer    | Entered a sewer
  1653 | Sewer    | Reached XP level 5. HP: 11/46 MP: 5/5
  1933 | Sewer    | Reached skill level 5 in Axes
  1938 | Sewer    | Reached XP level 6. HP: 25/55 MP: 6/6
  1951 | Sewer    | Got an ichor-stained dagger
  1952 | Sewer    | Identified the +4 dagger of Uholuagg {flame, MP+9} (You found it in a sewer)
  2348 | D:4      | Reached skill level 6 in Axes
  2348 | D:4      | Reached skill level 5 in Armour
  2600 | D:4      | Reached skill level 5 in Shields
  2600 | D:4      | Reached XP level 7. HP: 6/61 MP: 2/6
  2931 | D:5      | Entered Level 5 of the Dungeon
  2949 | D:5      | Reached skill level 7 in Axes
  3058 | D:5      | Mangled by an ice beast

Vault maps used:
D:1:      saegor_arrival_simple_f
D:2:      old_standard_altar
D:3:      portal_sewer_entry_e
D:4:      grunt_ministairs_15, lexackson_kobold_supper
D:5:      first_bread
Sewer:    sewer_frog_island_01

Skill      XL: |  1  2  3  4  5  6  7 |
---------------+----------------------+-----
Axes           | 3 4 5 6 7 |  7.1
Shields        | 4 5 |  5.5
Armour         | 4 5 |  5.5
Fighting       | |  2.6

Action                   |  1- 3 |  4- 6 |  7- 9 || total
-------------------------+-------+-------+-------++-------
Melee: War axe           |    82 |   228 |    43 ||   353
       Dagger            |       |       |    57 ||    57
 Abil: Heal Wounds       |       |     2 |     1 ||     3
  Use: Scroll            |     6 |     5 |       ||    11
       Potion            |     2 |     4 |       ||     6
  Eat: Bread ration      |     1 |       |       ||     1
       Chunk             |       |     2 |     1 ||     3
Armor: Scale mail        |    56 |   131 |    16 ||   203
Dodge: Dodged            |    38 |    89 |    15 ||   142
Block: Shield            |    47 |   186 |    14 ||   247
